 Dungeon Crawl Stone Soup version 0.24.0-13-gcf9b319 (webtiles) character file.

Game seed: 17350812097645526447, levelgen mode: deterministic

56 Treemains the Cutter (level 4, -3/29 HPs)
             Began as a Halfling Skald on Mar 29, 2020.
             Slain by an iguana (10 damage)
             ... on level 2 of the Dungeon on Mar 30, 2020.
             The game lasted 00:13:59 (1635 turns).

Treemains the Cutter (Halfling Skald)               Turns: 1635, Time: 00:14:00

Health: -3/29      AC:  4    Str: 13    XL:     4   Next: 15%
Magic:  6/6        EV: 14    Int: 11    God:
Gold:   87         SH:  0    Dex: 13    Spells: 5/6 levels left

rFire    . . .     SeeInvis .   a - +0 short sword
rCold    . . .     Gourm    .   (shield restricted)
rNeg     . . .     Faith    .   f - +0 leather armour
rPois    .         Spirit   .   i - +0 helmet
rElec    .         Reflect  .   (no cloak)
rCorr    .         Harm     .   (no gloves)
MR       .....                  (no boots)
Stlth    +.........             (no amulet)
HPRegen  0.09/turn              (no ring)
MPRegen  0.10/turn              (no ring)

@: no status effects
A: small, mutation resistance 1
a: no special abilities


You were on level 2 of the Dungeon.
You were not hungry.

You visited 1 branch of the dungeon, and saw 2 of its levels.

You collected 87 gold pieces.

Inventory:

Hand Weapons
 a - a +0 short sword (weapon)
 b - a +0 hunting sling
 g - a +0 club
 o - a +0 mace
Missiles
 h - 7 sling bullets
 j - 51 bolts
 n - 81 stones (quivered)
Armour
 e - a +0 leather armour
 f - a +0 leather armour (worn)
 i - a +0 helmet (worn)
 v - a +0 robe
 x - a +0 pair of gloves
Scrolls
 k - a scroll of identify {unknown}
 l - a scroll of enchant armour {unknown}
 m - a scroll of teleportation {unknown}
 r - a scroll of magic mapping {unknown}
 s - a scroll of immolation {unknown}
 t - a scroll of remove curse {unknown}
 u - a scroll of fog {unknown}
Potions
 p - a potion of lignification {unknown}
 q - a potion of brilliance {unknown}
 w - a potion of might {unknown}
Comestibles
 c - 6 chunks of flesh
 d - 2 rations


   Skills:
 - Level 2.0 Fighting
 + Level 4.8 Short Blades
 - Level 1.1 Armour
 - Level 2.1 Dodging
 - Level 1.5 Spellcasting
 - Level 3.2 Charms


You had 5 spell levels left.
You knew the following spells:

 Your Spells              Type           Power        Failure   Level  Hunger
a - Infusion              Chrm           #...         10%         1    ##.....

Your spell library contained the following spells:

 Spells                   Type           Power        Failure   Level  Hunger
 Song of Slaying          Chrm           #.......     16%         2    ###....
 Shroud of Golubria       Chrm/Tloc      #.....       30%         2    ###....
 Regeneration             Chrm/Necr      #.........   52%         3    ####...
 Spectral Weapon          Hex/Chrm       #.......     52%         3    ####...


Dungeon Overview and Level Annotations

Branches:
Dungeon (2/15)

Altars:


Innate Abilities, Weirdness & Mutations

You are small and have problems with some larger weapons.
You are somewhat resistant to further mutation.


Message History

You hit the iguana but do no damage.
The iguana is heavily wounded.
The iguana bites you!
* * * LOW HITPOINT WARNING * * *
The iguana barely misses you.
You see here a +0 club.
The iguana barely misses you.
There is an escape hatch in the ceiling here.
You barely miss the iguana.
The iguana is moderately wounded.
The iguana barely misses you.
You hit the iguana but do no damage.
The iguana is moderately wounded.
The iguana bites you.
* * * LOW HITPOINT WARNING * * *
Okay, then.
You closely miss the iguana.
The iguana is moderately wounded.
The iguana bites you!
You die...

#............#.......#
#......)..รท.###.....#
####........## .....
#.##...<..## .... #.
#.......# ###.
#.##.......###
#..............
#####.....l>....#.# ..
#.....###.@..#### #
#.# .............# #.#
#............# #.#
#..........### #.#
#...##....#.# #.##..#
#....#.# #.#..#
#......### ##...##
#...>....#
...########....##..#


You could see an iguana.

Vanquished Creatures
  2 adders (D:2)
  A leopard gecko (D:1)
  4 bats
  A giant cockroach (D:1)
  9 goblins
  3 hobgoblins
  6 kobolds
  5 frilled lizards
  4 rats
35 creatures vanquished.

Notes
Turn   | Place    | Note
-------+----------+-------------------------------------------
     0 | D:1      | Treemains the Halfling Skald began the quest for the Orb.
     0 | D:1      | Reached XP level 1. HP: 14/14 MP: 3/3
    92 | D:1      | Reached XP level 2. HP: 14/19 MP: 4/4
    93 | D:1      | Reached skill level 3 in Short Blades
   749 | D:2      | Reached skill level 4 in Short Blades
   749 | D:2      | Reached XP level 3. HP: 17/24 MP: 5/5
   951 | D:1      | HP: 1/24 [kobold/+0 short sword (1)]
  1005 | D:1      | HP: 1/24 [leopard gecko (3)]
  1014 | D:1      | HP: 1/24 [leopard gecko (1)]
  1522 | D:2      | Reached XP level 4. HP: 28/29 MP: 6/6
  1635 | D:2      | Slain by an iguana

Levels and vault maps discovered:
D:1:      minmay_arrival_plants_in_alcoves, layout_basic
D:2:      layout_rooms, kennysheep_doodads, kennysheep_another_room,
          uniq_terence, uniq_crazy_yiuf_cottage, uniq_robin

Skill      XL: |  1  2 |
---------------+-------+-----
Fighting       | 2 |  2.0
Short Blades   | 4 |  4.8
Armour         | |  1.1
Dodging        | |  2.1
Spellcasting   | |  1.5
Charms         | |  3.2

Action                   |  1- 3 |  4- 6 || total
-------------------------+-------+-------++-------
Melee: Short sword       |   137 |    24 ||   161
 Fire: Hunting sling     |     3 |    13 ||    16
Throw: Stone             |     7 |       ||     7
  Use: Potion            |     2 |       ||     2
  Eat: Chunk             |     2 |       ||     2
Armor: Leather armour    |    23 |     6 ||    29
Dodge: Dodged            |    99 |    20 ||   119
